 Dungeon Crawl Stone Soup version 0.31-a0-182-gc5ef74bbde (webtiles) character file.

Game seed: 16297551649334004313

144 qw the Chopper (level 5, 0/32 HPs)
             Began as a Gargoyle Fighter on June 20, 2023.
             Splashed by a jelly's acid (8 damage)
             ... on level 4 of the Dungeon.
             The game lasted 00:01:10 (2397 turns).

qw the Chopper (Gargoyle Fighter)                   Turns: 2397, Time: 00:01:10

Health: 0/32       AC:  9    Str: 21    XL:     5   Next: 26%
Magic:  5/5        EV:  7    Int:  9    God:
Gold:   132        SH:  4    Dex:  9    Spells: 4/4 levels left

rFire   . . .        Y - +0 war axe
rCold   . . .        c - +0 buckler
rNeg    + . .        g - +0 chain mail
rPois   inf          (no helmet)
rElec   +            (no cloak)
rCorr   .            (no gloves)
SInv    .            (no boots)
Will    .....        (no amulet) Stlth
                     (no ring)
HPRegen 0.25/turn    (no ring)
MPRegen 0.09/turn

%: no passive effects
@: corroded
A: sickness immunity, AC +4, negative energy resistance 1, electricity
resistance, torment resistance 1, petrification resistance
a: no special abilities


You were on level 4 of the Dungeon.
You visited 1 branch of the dungeon, and saw 4 of its levels.

You collected 132 gold pieces.


Innate Abilities, Weirdness & Mutations

You are immune to sickness and miasma.
Your stone body is resilient. (AC +4)
You are immune to poison.
You resist negative energy. (rN+)
You are resistant to electric shocks. (rElec)
You are resistant to unholy torment.
You are immune to petrification.


   Skills:
 - Level 3.2 Fighting
 + Level 4.8 Axes
 - Level 3.2 Armour
 - Level 3.2 Shields


You had 4 spell levels left.
You didn't know any spells.
Your spell library was empty.

Inventory:

Hand Weapons
 b - a +0 morningstar
 Y - a +0 war axe (weapon)
Armour
 c - a +0 buckler (worn)
 g - a +0 chain mail (worn)
Scrolls
 h - 3 scrolls of identify
 o - 3 scrolls of teleportation
Potions
 d - a potion of might
 e - a potion of curing
 j - a potion of haste

Dungeon Overview and Level Annotations

Branches:
Dungeon (4/15)
 Temple: D:4-7

Altars:


Message History

You barely miss something. Something hits you.
You barely miss something. Something hits you but does no damage.
You barely miss something. Something hits you but does no damage.
Something hits you.
2389 ||| FLEEEEING.
2390 ||| FLEEEEING.
A wight comes into view. It is wielding a +0 halberd.
2391 ||| Stepping ~*~*~tactically~*~*~ (hiding).
Something hits you but does no damage.
You miss something. Something hits you but does no damage.
You hit the orc.
The orc is almost dead.
You closely miss something. The orc hits you but does no damage.
Something hits you but does no damage.
You hit the orc but do no damage.
The orc is almost dead.
You hit the jelly.
Your hands burn!
You completely miss something. The orc hits you but does no damage.
You block the jelly's attack. Something hits you but does no damage.
The jelly hits you but does no damage. The orc hits you but does no damage.
Something hits you but does no damage.
You barely miss the orc.
The orc is almost dead.
You hit the jelly. The acid corrodes you!
Your hands burn!
You barely miss something. Something hits you but does no damage.
You block the orc's attack. The jelly barely misses you.
You slash the orc!
You kill the orc!
You miss something. You barely miss the jelly.
The wight hits you from afar with a +0 halberd!
Something hits you but does no damage. You block the jelly's attack.
You hit the jelly but do no damage.
Your hands burn!
The jelly is moderately wounded.
You miss something. The wight barely misses you.
Something hits you but does no damage. The jelly hits you.
You are splashed with acid!
You die...

#.# ..#.# #.# z#.# #.#
.#.# #####.######.#
#..# #............#
#..# ........###..# ..#
#######.....# #z# #
##..###.#####J######.#
#
##...........@..).....#
#
#........#####).###...#
# ##...##### ##.# ... #
##>.# #.# # #######.#
#.#
........##########.#
#.#####............#
#.##################
.....##############


You could see a jelly and a wight.

Vanquished Creatures
  2 iguanas
  2 adders
  A dart slug (D:3)
  3 orcs
  7 bats
  9 endoplasms
  3 giant cockroaches (D:1)
  4 goblins
  5 hobgoblins
  2 jackals (D:2)
  7 kobolds
  5 quokkas
  7 ball pythons
  7 frilled lizards
  2 rats
66 creatures vanquished.

Notes
Turn   | Place    | Note
-------+----------+-------------------------------------------
     0 | D:1      | qw the Gargoyle Fighter began the quest for the Orb.
     0 | D:1      | Reached XP level 1. HP: 14/14 MP: 1/1
     0 | D:1      | 0 ||| qw: Version: 0.3-a-9-g12657ce
     0 | D:1      | 0 ||| qw: Game counter: 1373
     0 | D:1      | 0 ||| qw: Always use a shield: true
     0 | D:1      | 0 ||| qw: God list: Okawaru
     0 | D:1      | 0 ||| qw: Allow faded altars: false
     0 | D:1      | 0 ||| qw: Do Orc after D:15 true
     0 | D:1      | 0 ||| qw: Do second Lair branch before Depths: true
     0 | D:1      | 0 ||| qw: Lair rune preference: random
     0 | D:1      | 0 ||| qw: Plans: Normal, Zot:1-4, Slime:5, God:TSO, Crypt,
                  | Tomb, Abyss, Pan, Hells, Win
     0 | D:1      | 0 ||| PLANNING D:1-11
    54 | D:1      | Reached skill level 2 in Axes
    99 | D:1      | Reached XP level 2. HP: 19/19 MP: 2/2
   395 | D:1      | Reached skill level 3 in Axes
   474 | D:1      | Reached XP level 3. HP: 23/23 MP: 3/3
   740 | D:1      | 740 ||| Stepping ~*~*~tactically~*~*~ (hiding).
   840 | D:1      | 840 ||| DROPPING ring of magical power.
   841 | D:1      | 841 ||| READING scroll labelled FITIROSUOC.
   842 | D:1      | 842 ||| READING 2 scrolls labelled ADUAFA LUOT.
   843 | D:1      | 843 ||| READING scroll labelled COURCH TO WECITH.
   846 | D:1      | 846 ||| DRINKING 2 murky dark potions.
  1080 | D:2      | 1080 ||| FLEEEEING.
  1081 | D:2      | 1081 ||| FLEEEEING.
  1082 | D:2      | 1082 ||| FLEEEEING.
  1134 | D:2      | 1134 ||| Stepping ~*~*~tactically~*~*~ (stealth).
  1281 | D:2      | Reached XP level 4. HP: 28/28 MP: 4/4
  1592 | D:2      | 1592 ||| UPGRADING to +0 chain mail.
  1602 | D:2      | 1602 ||| DROPPING +0 scale mail.
  1603 | D:2      | 1603 ||| DROPPING amulet of magic regeneration.
  1604 | D:2      | 1604 ||| DROPPING ring of wizardry.
  1605 | D:2      | 1605 ||| READING scroll labelled VULAACOE LOSSEPH.
  1606 | D:2      | 1606 ||| READING scroll labelled MOSMOU ITWUGIC.
  1607 | D:2      | 1607 ||| READING scroll labelled ASOIWNEETT.
  1608 | D:2      | 1608 ||| READING 3 scrolls of identify.
  1608 | D:2      | 1608 ||| IDENTIFYING emerald potion
  1609 | D:2      | 1609 ||| READING 2 scrolls of identify.
  1609 | D:2      | 1609 ||| IDENTIFYING dark potion
  1610 | D:2      | 1610 ||| DROPPING potion of degeneration.
  1642 | D:3      | 1642 ||| STAIRDANCE
  1646 | D:2      | Reached skill level 4 in Axes
  1803 | D:3      | 1803 ||| DROPPING +0 club.
  2240 | D:3      | Found a faded altar of an unknown god.
  2245 | D:3      | 2245 ||| DROPPING orb of guile.
  2246 | D:3      | 2246 ||| READING scroll labelled ENATRI NETRIX.
  2332 | D:4      | Reached XP level 5. HP: 30/32 MP: 5/5
  2374 | D:4      | 2374 ||| Stepping ~*~*~tactically~*~*~ (stealth).
  2385 | D:4      | 2385 ||| DRINKING 2 potions of curing.
  2385 | D:4      | 2385 ||| (to cure confusion)
  2389 | D:4      | 2389 ||| FLEEEEING.
  2390 | D:4      | 2390 ||| FLEEEEING.
  2391 | D:4      | 2391 ||| Stepping ~*~*~tactically~*~*~ (hiding).
  2397 | D:4      | HP: 8/32 [jelly (2)]
  2397 | D:4      | Splashed by a jelly's acid

Levels and vault maps discovered:
D:1:      dpeg_arrival_simpleton_c, layout_basic
D:2:      layout_basic
D:3:      layout_rooms, dreamdust_ecumenical_altar_hidden_monk_grotto,
          grunt_ministairs_8
D:4:      layout_loops_ring, general_overflow_altar, temple_statues,
          minmay_quantized

Skill      XL: |  1  2  3  4 |
---------------+-------------+-----
Axes           | 2 3 4 |  4.8
Fighting       | |  3.2
Armour         | |  3.2
Shields        | |  3.2

Action                     |  1- 3 |  4- 6 || total
---------------------------+-------+-------++-------
  Melee: War axe           |    92 |    63 ||   155
  Throw: Boomerang         |    32 |    33 ||    65
    Use: Scroll            |     3 |     6 ||     9
         Potion            |     1 |     1 ||     2
 Armour: Scale mail        |    59 |       ||    59
         Chain mail        |       |    42 ||    42
  Dodge: Dodged            |    38 |    18 ||    56
  Block: Buckler           |    18 |    16 ||    34

Table legend:
 A = Non-vault XP
 B = Vault XP
 C = Vault XP percentage of total XP
 D = Non-vault monster count
 E = Vault monster count
 F = Vault count percentage of total count
                 A         B        C        D         E       F
            +---------+---------+-------+---------+---------+-------
      Total |     168 |      38 |  18.4 |      64 |       2 |   3.0
            +---------+---------+-------+---------+---------+-------
        D:1 |      45 |       0 |   0.0 |      27 |       0 |   0.0
        D:2 |      44 |      38 |  46.3 |      19 |       2 |   9.5
        D:3 |      37 |       0 |   0.0 |      15 |       0 |   0.0
        D:4 |      42 |       0 |   0.0 |       3 |       0 |   0.0
            +---------+---------+-------+---------+---------+-------
